Map: Blackrock LE

Players

ViBE - Winner!

  • Race: Terran Terran
  • League: Master

hejog

  • Race: Zerg Zerg
  • League: Gold

VOD

Have the link to the VOD?

Description

Time

  • Played on: Oct. 17, 2026, 8:27 p.m.
  • Length: 11:35
Show
View Real Time Build Order
Export as new Build Order

ViBE Terran - Winner!

Build Orders: Mech 

Get SALT Encoding   

  12  0:00  SCV  
  13  0:12  SCV  
  14  0:18  Supply Depot  
  14  0:24  SCV  
  15  0:39  SCV  
  15  0:41  Barracks  
  16  0:47  Refinery  
  16  0:51  SCV  
  17  1:04  SCV  
  18  1:16  SCV  
  19  1:28  Orbital Command  
  19  1:31  Marine  
  20  1:39  Command Center  
  20  1:50  Factory  
  20  1:54  SCV  
  21  2:03  Supply Depot  
  21  2:06  SCV  
  22  2:18  SCV  
  23  2:25  Marine  
  24  2:31  Refinery, SCV  
  24  2:34  Factory Tech Lab  
  25  2:37  Supply Depot  
  25  2:43  SCV, Marine  
  27  2:52  Siege Tank  
  27  2:57  Orbital Command  
  27  2:58  SCV  
  31  3:02  Supply Depot  
  31  3:09  Marine  
  31  3:10  SCV  
  33  3:22  SCV  
  33  3:25  Siege Tank  
  37  3:29  Supply Depot  
  37  3:30  SCV  
  38  3:35  SCV  
  38  3:39  Factory  
  39  3:43  SCV  
  39  3:45  Barracks Reactor  
  39  3:47  SCV  
  41  3:55  SCV  
  42  3:59  Supply Depot  
  42  4:00  SCV  
  43  4:05  Siege Tank  
  43  4:07  SCV  
  47  4:12  SCV  
  48  4:19  SCV  
  48  4:22  Supply Depot  
  48  4:24  SCV  
  50  4:28  Armory  
  50  4:29  Command Center  
  50  4:31  SCV  
  50  4:36  SCV  
  50  4:37  Siege Tank  
  59  4:38  Hellion x2  
  59  4:43  SCV  
  60  4:48  SCV  
  60  4:52  Refinery  
  61  4:53  Refinery  
  61  4:55  SCV  
  61  4:58  Supply Depot  
  66  5:00  Hellion x2, SCV  
  67  5:08  SCV, Supply Depot  
  68  5:14  Thor  
  68  5:20  SCV x2  
  76  5:31  Supply Depot  
  76  5:32  SCV x2  
  78  5:39  Hellion x2  
  78  5:41  Terran Vehicle Weapons Level 1  
  82  5:44  SCV x2  
  82  5:45  Factory  
  84  5:51  Command Center  
  84  5:57  SCV  
  84  5:58  SCV  
  84  6:00  Thor  
  92  6:08  Orbital Command  
  92  6:10  SCV x2  
  94  6:22  SCV x2, Hellion x2  
  100  6:27  Armory  
  100  6:28  Engineering Bay  
  100  6:30  Factory Tech Lab  
  100  6:34  SCV x2  
  100  6:35  SCV  
  103  6:43  Thor, Hellion x2  
  103  6:46  SCV x2  
  115  6:47  SCV  
  115  6:51  Refinery x2  
  116  6:57  Thor  
  116  6:58  SCV x2  
  116  6:59  SCV  
  125  7:05  Command Center  
  125  7:12  Hellion  
  125  7:13  Hellion  
  129  7:18  SCV x3  
  132  7:26  Thor  
  132  7:28  Supply Depot  
  132  7:29  Supply Depot  
  138  7:30  SCV x2, Terran Vehicle And Ship Armor Level 1  
  138  7:31  Supply Depot  
  140  7:37  Hellion  
  140  7:38  Hellion  
  140  7:42  Thor  
  140  7:44  Supply Depot, Planetary Fortress  
  150  7:45  Supply Depot  
  150  7:46  SCV x3  
  153  7:58  SCV x3  
  156  8:00  Hellion x2  
  160  8:08  Thor  
  160  8:09  Factory  
  160  8:10  SCV x3, Factory  
  169  8:15  Refinery  
  169  8:16  Missile Turret  
  169  8:17  Refinery  
  169  8:18  Missile Turret  
  169  8:21  Missile Turret  
  169  8:25  Missile Turret, Hellion  
  169  8:26  Hellion  
  173  8:30  Thor  
  179  8:38  SCV x4  
  183  8:44  Command Center  
  183  8:58  Thor  
  183  9:00  Factory Tech Lab, Factory Reactor  
  189  9:06  SCV  
  190  9:13  Thor, Planetary Fortress  
  196  9:29  Thor  
  197  9:31  Hellion x2  
  191  9:40  Factory x3  
  191  9:41  Hellion x2, Factory  
  195  9:45  Missile Turret  
  195  9:52  Refinery x2  
  195  9:59  Factory  
  195  10:01  Factory  
  195  10:02  Command Center  
  195  10:04  Factory  
  193  10:11  Thor  
  199  10:26  Hellion  
  199  10:27  Factory Reactor x2  
  199  10:28  Factory Reactor  
  199  10:34  Factory  
  199  10:35  Factory x2  
  199  10:40  Factory  
  197  10:45  Factory  
  197  10:46  Thor x2, Factory  
  197  10:48  Hellion, Factory  
  198  11:26  Factory Tech Lab  
  198  11:27  Factory Tech Lab x4  
  198  11:28  Factory Tech Lab  
  198  11:29  Factory Tech Lab  
  198  11:31  Factory Tech Lab  
Show
View Real Time Build Order
Export as new Build Order

hejog Zerg 

Build Orders: Hatch First 

Get SALT Encoding   

  12  0:02  Drone  
  13  0:13  Overlord  
  13  0:18  Drone  
  14  0:31  Drone x2  
  14  0:35  Drone  
  17  0:46  Drone  
  19  1:04  Drone  
  19  1:05  Hatchery  
  19  1:07  Extractor  
  17  1:13  Drone  
  18  1:19  Spawning Pool  
  18  1:23  Overlord  
  17  1:34  Drone  
  18  1:46  Drone  
  19  1:50  Drone  
  20  2:05  Queen  
  22  2:11  Drone  
  23  2:18  Queen  
  23  2:20  Zergling x2  
  23  2:21  Drone  
  23  2:22  Drone  
  28  2:29  Drone  
  29  2:36  Roach Warren  
  28  2:37  Drone  
  29  2:54  Overlord  
  29  2:55  Overlord  
  29  3:03  Drone x3  
  32  3:07  Extractor  
  31  3:13  Roach Warren  
  31  3:18  Drone  
  31  3:19  Drone x2  
  33  3:20  Queen  
  35  3:30  Roach x3  
  35  3:33  Roach  
  43  3:35  Roach  
  45  4:01  Roach x3  
  45  4:02  Overlord x2  
  51  4:07  Evolution Chamber  
  50  4:10  Overlord  
  50  4:14  Drone x2  
  50  4:15  Extractor  
  51  4:40  Lair  
  51  4:43  Drone x6  
  51  4:44  Drone x4  
  61  4:50  Drone x2  
  63  4:56  Drone x4  
  61  5:19  Extractor  
  60  5:21  Zerg Ground Armor Level 1  
  60  5:23  Metabolic Boost  
  60  5:26  Hatchery  
  59  5:43  Glial Reconstitution  
  59  5:51  Spire  
  58  5:58  Drone x8  
  58  5:59  Drone x3  
  58  6:00  Drone, Overlord  
  70  6:05  Queen  
  72  6:13  Pneumatized Carapace  
  71  6:24  Overlord  
  71  6:25  Drone x7  
  78  6:34  Drone x2  
  80  6:50  Roach  
  80  6:51  Roach x7  
  80  6:53  Overlord  
  96  7:00  Overlord x2  
  96  7:04  Zerg Flyer Armor Level 1  
  96  7:19  Corruptor x3  
  96  7:21  Corruptor x2  
  106  7:27  Hatchery  
  105  7:39  Roach x6  
  105  7:40  Roach x2, Overlord  
  121  7:49  Extractor  
  120  8:05  Infestation Pit  
  119  8:18  Zerg Missile Weapons Level 1  
  119  8:26  Roach x5  
  129  8:27  Overlord x4  
  129  8:29  Tunneling Claws  
  129  8:44  Drone x7, Overlord  
  129  8:45  Overlord x2  
  136  8:58  Hive  
  132  9:28  Queen  
  90  9:45  Roach  
  90  9:46  Roach x7  
  90  9:47  Roach x7  
  90  9:48  Roach x4  
  90  9:49  Roach  
  128  10:19  Ravager x6  
  103  10:44  Zergling x4, Roach  
  103  10:45  Zergling x12, Roach x2  
  103  10:46  Roach x3, Zergling x2  
Tags
 
Composition
Mech
Matchup
TvZ
Player
ViBE
Add a new tag
Caveats
  • Supply blocks, unpowered buildings, or Contaminate may cause inaccurate times.
  • Supply counts are checked every 10 seconds.